TOP OF THE 1ST |
Iowa Cubs batting - Pitching for Memphis Redbirds : RHP Luis Ortiz
|
Pitching: RHP Luis Ortiz
|
|
Batting: RHB Errol Robinson
|
0-0: Foul Ball, location: 2F 0-1: Swinging Strike 0-2: Ground out 1-3 (Groundball, 13)
|
Batting: LHB Brennon Lund
|
0-0: Ground out 4-3 (Groundball, 4)
|
Batting: RHB Lourdes Gurriel Jr.
|
0-0: Called Strike 0-1: Ball 1-1: Foul Ball, location: 2F 1-2: Ball 2-2: Foul Ball, location: 2F 2-2: Foul Ball, location: 2F 2-2: Fly out, F7 (Flyball, 7S)
|
Top of the 1st over - 0 runs, 0 hits, 0 errors, 0 left on base; Iowa 0 - Memphis 0 |
BOTTOM OF THE 1ST |
Memphis Redbirds batting - Pitching for Iowa Cubs : RHP Jesus Liranzo
|
Pitching: RHP Jesus Liranzo
|
|
Batting: SHB Domingo Leyba
|
0-0: Fly out, F5 (Line Drive, 5)
|
Batting: RHB Luis Urias
|
0-0: Ball 1-0: Called Strike 1-1: Swinging Strike 1-2: SINGLE (Groundball, 6MD)
|
Batting: RHB Rangel Ravelo
|
0-0: Ball 1-0: Called Strike 1-1: Ball 2-1: Ball 3-1: Base on Balls Luis Urias to second
|
Batting: RHB Nick Senzel
|
0-0: Called Strike 0-1: Foul Ball, location: 2F 0-2: Strikes out swinging
|
Batting: RHB Jose Adolis Garcia
|
0-0: Called Strike 0-1: Foul Ball, location: 2F 0-2: Ball 1-2: Ball 2-2: DOUBLE (Line Drive, 78D) Luis Urias scores Rangel Ravelo to third Runner from 3rd tries for Home, SAFE, no throw
|
Batting: LHB Austin Meadows
|
0-0: Ball 1-0: Ball 2-0: Ball 3-0: Called Strike 3-1: Base on Balls
|
Batting: RHB Yu-Cheng Chang
|
0-0: Ball 1-0: Ball 2-0: Foul Ball, location: 2F 2-1: Fielders Choice at 2nd, 6-4 (Groundball, 6)
|
Bottom of the 1st over - 2 runs, 2 hits, 0 errors, 2 left on base; Iowa 0 - Memphis 2 |
TOP OF THE 2ND |
Iowa Cubs batting - Pitching for Memphis Redbirds : RHP Luis Ortiz
|
Batting: LHB Brandon Lowe
|
0-0: Foul Ball, location: 2F 0-1: Foul Ball, location: 2F 0-2: Ball 1-2: Ball 2-2: Ball 3-2: Strikes out looking
|
Batting: RHB Kyle Lewis
|
0-0: Called Strike 0-1: Ball 1-1: Bunt for hit - play at first, batter OUT! 1-3
|
Batting: SHB Anfernee Seymour
|
0-0: Swinging Strike 0-1: Ball 1-1: Bunt for hit - play at first, batter safe!
|
Batting: LHB Greg Deichmann
|
0-0: Called Strike 0-1: Ball 1-1: Ball Anfernee Seymour is caught stealing 2nd base
|
Top of the 2nd over - 0 runs, 1 hit, 0 errors, 0 left on base; Iowa 0 - Memphis 2 |
BOTTOM OF THE 2ND |
Memphis Redbirds batting - Pitching for Iowa Cubs : RHP Jesus Liranzo
|
Batting: RHB Yorman Rodriguez
|
0-0: Called Strike 0-1: Foul Ball, location: 2F 0-2: Foul Ball, location: 2F 0-2: Ball 1-2: Foul Ball, location: 2F 1-2: Ground out U3 (Groundball, 34)
|
Batting: LHB Juan Soto
|
0-0: Ball 1-0: Called Strike 1-1: Swinging Strike 1-2: Foul Ball, location: 2F 1-2: Strikes out swinging
|
Batting: SHB Domingo Leyba
|
0-0: Called Strike 0-1: Swinging Strike 0-2: Strikes out looking
|
Bottom of the 2nd over - 0 runs, 0 hits, 0 errors, 0 left on base; Iowa 0 - Memphis 2 |
TOP OF THE 3RD |
Iowa Cubs batting - Pitching for Memphis Redbirds : RHP Luis Ortiz
|
Batting: LHB Greg Deichmann
|
0-0: Foul Ball, location: 2F 0-1: Swinging Strike 0-2: Foul Ball, location: 2F 0-2: Ball 1-2: Ball 2-2: Ball 3-2: Fly out, F7 (Flyball, 7)
|
Batting: RHB Marcus Greene Jr.
|
0-0: Foul Ball, location: 2F 0-1: Ball 1-1: Ball 2-1: Ball 3-1: Swinging Strike 3-2: Ground out 5-3 (Groundball, 56S)
|
Batting: RHB Nick Vilter
|
0-0: Ball 1-0: Called Strike 1-1: Called Strike 1-2: Ball 2-2: Foul Ball, location: 2F 2-2: Strikes out swinging
|
Top of the 3rd over - 0 runs, 0 hits, 0 errors, 0 left on base; Iowa 0 - Memphis 2 |
BOTTOM OF THE 3RD |
Memphis Redbirds batting - Pitching for Iowa Cubs : RHP Jesus Liranzo
|
Batting: RHB Luis Urias
|
0-0: Bunt for hit - play at first, batter safe!
|
Batting: RHB Rangel Ravelo
|
0-0: Ball 1-0: Foul Ball, location: 2F 1-1: Called Strike 1-2: Foul Ball, location: 2F 1-2: Ball 2-2: Foul Ball, location: 2F 2-2: Foul Ball, location: 2F 2-2: Strikes out swinging
|
Batting: RHB Nick Senzel
|
0-0: Called Strike 0-1: Ball 1-1: Called Strike 1-2: Strikes out looking
|
Batting: RHB Jose Adolis Garcia
|
0-0: Called Strike 0-1: Foul Ball, location: 2F 0-2: Ball 1-2: Ball 2-2: Ground out 1-3 (Groundball, 15S)
|
Bottom of the 3rd over - 0 runs, 1 hit, 0 errors, 1 left on base; Iowa 0 - Memphis 2 |
TOP OF THE 4TH |
Iowa Cubs batting - Pitching for Memphis Redbirds : RHP Luis Ortiz
|
Batting: RHB Errol Robinson
|
0-0: Called Strike 0-1: Ball 1-1: Called Strike 1-2: Foul Ball, location: 2F 1-2: Strikes out swinging
|
Batting: LHB Brennon Lund
|
0-0: Called Strike 0-1: SINGLE (Flyball, 8LS)
|
Batting: RHB Lourdes Gurriel Jr.
|
0-0: Fielders Choice at 2nd, 4-6 (Groundball, 34)
|
Batting: LHB Brandon Lowe
|
0-0: Ball 1-0: Ball 2-0: Foul Ball, location: 2F 2-1: Fielders Choice at 2nd, U6 (Groundball, 6M)
|
Top of the 4th over - 0 runs, 1 hit, 0 errors, 1 left on base; Iowa 0 - Memphis 2 |
BOTTOM OF THE 4TH |
Memphis Redbirds batting - Pitching for Iowa Cubs : RHP Jesus Liranzo
|
Batting: LHB Austin Meadows
|
0-0: Called Strike 0-1: Called Strike 0-2: Strikes out swinging
|
Batting: RHB Yu-Cheng Chang
|
0-0: Ball 1-0: SINGLE (Line Drive, 89M)
|
Batting: RHB Yorman Rodriguez
|
0-0: Ball 1-0: Ball 2-0: Called Strike 2-1: Foul Ball, location: 2F 2-2: DOUBLE (Line Drive, 9LD) Yu-Cheng Chang to third
|
Batting: LHB Juan Soto
|
0-0: Ball 1-0: Called Strike 1-1: Swinging Strike 1-2: Foul Ball, location: 2F 1-2: SINGLE (Groundball, 4MD) Yu-Cheng Chang scores Yorman Rodriguez to third Runner from 3rd tries for Home, SAFE, no throw
|
Batting: SHB Domingo Leyba
|
0-0: Ball 1-0: Ball 2-0: Fly out, F7 (Line Drive, 7)
|
Batting: RHB Luis Urias
|
0-0: Called Strike 0-1: Ball 1-1: Ball 2-1: Fly out, F7 (Flyball, 78S)
|
Bottom of the 4th over - 2 runs, 3 hits, 0 errors, 1 left on base; Iowa 0 - Memphis 4 |
TOP OF THE 5TH |
Iowa Cubs batting - Pitching for Memphis Redbirds : RHP Luis Ortiz
|
Batting: RHB Kyle Lewis
|
0-0: Ball 1-0: Ball 2-0: Foul Ball, location: 2F 2-1: Swinging Strike 2-2: Foul Ball, location: 2F 2-2: Strikes out swinging
|
Batting: SHB Anfernee Seymour
|
0-0: Ball 1-0: Ball 2-0: Called Strike 2-1: Swinging Strike 2-2: Foul Ball, location: 2F 2-2: Ground out 5-3 (Groundball, 56)
|
Batting: LHB Greg Deichmann
|
0-0: Ground out 4-3 (Groundball, 4MS)
|
Top of the 5th over - 0 runs, 0 hits, 0 errors, 0 left on base; Iowa 0 - Memphis 4 |
BOTTOM OF THE 5TH |
Memphis Redbirds batting - Pitching for Iowa Cubs : RHP Jesus Liranzo
|
Pitching: LHP Brett Martin
|
|
Batting: RHB Rangel Ravelo
|
0-0: Ball 1-0: SINGLE (Flyball, 7S)
|
Batting: RHB Nick Senzel
|
0-0: Called Strike 0-1: Ball 1-1: Called Strike 1-2: Ball 2-2: Strikes out swinging
|
Batting: RHB Jose Adolis Garcia
|
0-0: Ball 1-0: Grounds into double play, 6-4-3 (Groundball, 6)
|
Bottom of the 5th over - 0 runs, 1 hit, 0 errors, 0 left on base; Iowa 0 - Memphis 4 |
TOP OF THE 6TH |
Iowa Cubs batting - Pitching for Memphis Redbirds : RHP Luis Ortiz
|
Batting: RHB Marcus Greene Jr.
|
0-0: Ball 1-0: Foul Ball, location: 2F 1-1: Foul Ball, location: 2F 1-2: Fly out, F8 (Line Drive, 8LD)
|
Batting: RHB Nick Vilter
|
0-0: Foul Ball, location: 2F 0-1: Ball 1-1: Swinging Strike 1-2: Strikes out looking
|
Batting: RHB Errol Robinson
|
0-0: Ball 1-0: Ball 2-0: Called Strike 2-1: Ball 3-1: Base on Balls
|
Batting: LHB Brennon Lund
|
0-0: Swinging Strike 0-1: Called Strike Errol Robinson steals 2nd base 0-2: DOUBLE (Line Drive, 7LS) Errol Robinson scores
|
Batting: RHB Lourdes Gurriel Jr.
|
0-0: Called Strike 0-1: Ball 1-1: Foul Ball, location: 2F 1-2: Fly out, F9 (Flyball, 89M)
|
Top of the 6th over - 1 run, 1 hit, 0 errors, 1 left on base; Iowa 1 - Memphis 4 |
BOTTOM OF THE 6TH |
Memphis Redbirds batting - Pitching for Iowa Cubs : LHP Brett Martin
|
Batting: LHB Austin Meadows
|
0-0: Fly out, F9 (Flyball, 9LM)
|
Batting: RHB Yu-Cheng Chang
|
0-0: Called Strike 0-1: Ball 1-1: Fly out, F8 (Line Drive, 8RD)
|
Batting: RHB Yorman Rodriguez
|
0-0: Swinging Strike 0-1: Foul Ball, location: 2F 0-2: Foul Ball, location: 2F 0-2: Strikes out looking
|
Bottom of the 6th over - 0 runs, 0 hits, 0 errors, 0 left on base; Iowa 1 - Memphis 4 |
TOP OF THE 7TH |
Iowa Cubs batting - Pitching for Memphis Redbirds : RHP Luis Ortiz
|
Pitching: RHP Trey Cobb
|
|
Batting: LHB Brandon Lowe
|
0-0: Called Strike 0-1: Ball 1-1: Foul Ball, location: 2F 1-2: Ball 2-2: Ball 3-2: Foul Ball, location: 2F 3-2: Base on Balls
|
Batting: RHB Kyle Lewis
|
0-0: Ball 1-0: Foul Ball, location: 2F 1-1: SINGLE (Line Drive, 34D) Brandon Lowe to second Runner from 2nd tries for 3rd, SAFE, no throw
|
Pitching: RHP Lincoln Henzman
|
|
Batting: SHB Anfernee Seymour
|
0-0: Grounds into double play, 5-4-3 (Groundball, 56) Brandon Lowe scores
|
Batting: LHB Greg Deichmann
|
0-0: Swinging Strike 0-1: Ball 1-1: Swinging Strike 1-2: DOUBLE (Line Drive, 8LXD)
|
Batting: RHB Marcus Greene Jr.
|
0-0: Fly out, F9 (Flyball, 9)
|
Top of the 7th over - 1 run, 2 hits, 0 errors, 1 left on base; Iowa 2 - Memphis 4 |
BOTTOM OF THE 7TH |
Memphis Redbirds batting - Pitching for Iowa Cubs : LHP Brett Martin
|
Batting: LHB Juan Soto
|
0-0: Called Strike 0-1: Foul Ball, location: 2F 0-2: Ball 1-2: Strikes out swinging
|
Batting: SHB Domingo Leyba
|
0-0: Called Strike 0-1: Swinging Strike 0-2: Ball 1-2: Ground out 1-3 (Groundball, 13)
|
Batting: RHB Luis Urias
|
0-0: Ball 1-0: Ball 2-0: Called Strike 2-1: Ground out 4-3 (Groundball, 4)
|
Bottom of the 7th over - 0 runs, 0 hits, 0 errors, 0 left on base; Iowa 2 - Memphis 4 |
TOP OF THE 8TH |
Iowa Cubs batting - Pitching for Memphis Redbirds : RHP Lincoln Henzman
|
Batting: RHB Nick Vilter
|
0-0: Called Strike 0-1: Swinging Strike 0-2: Ball 1-2: Strikes out looking
|
Batting: RHB Errol Robinson
|
0-0: Fly out, F7 (Line Drive, 7)
|
Batting: LHB Brennon Lund
|
0-0: Called Strike 0-1: Ball 1-1: Ball 2-1: Swinging Strike 2-2: Strikes out swinging
|
Top of the 8th over - 0 runs, 0 hits, 0 errors, 0 left on base; Iowa 2 - Memphis 4 |
BOTTOM OF THE 8TH |
Memphis Redbirds batting - Pitching for Iowa Cubs : LHP Brett Martin
|
Batting: RHB Rangel Ravelo
|
0-0: Fly out, F9 (Flyball, 9LMF)
|
Batting: RHB Nick Senzel
|
0-0: Ball 1-0: Ground out 5-3 (Groundball, 5)
|
Batting: RHB Jose Adolis Garcia
|
0-0: TRIPLE (Line Drive, 89XD)
|
Batting: LHB Austin Meadows
|
0-0: Foul Ball, location: 2F 0-1: Ball 1-1: Foul Ball, location: 2F 1-2: Strikes out swinging
|
Bottom of the 8th over - 0 runs, 1 hit, 0 errors, 1 left on base; Iowa 2 - Memphis 4 |
TOP OF THE 9TH |
Iowa Cubs batting - Pitching for Memphis Redbirds : RHP Lincoln Henzman
|
Pitching: RHP Jesse Scholtens
|
|
Batting: RHB Lourdes Gurriel Jr.
|
0-0: Called Strike 0-1: Called Strike 0-2: Ball 1-2: Ground out 4-3 (Groundball, 4)
|
Batting: LHB Brandon Lowe
|
0-0: Called Strike 0-1: Ball 1-1: Called Strike 1-2: Foul Ball, location: 2F 1-2: Ball 2-2: Foul Ball, location: 2F 2-2: Ball 3-2: Fly out, F9 (Flyball, 89S)
|
Batting: RHB Kyle Lewis
|
0-0: Ball 1-0: Called Strike 1-1: Ground out 4-3 (Groundball, 4D)
|
Top of the 9th over - 0 runs, 0 hits, 0 errors, 0 left on base; Iowa 2 - Memphis 4 |
|